 Dungeon Crawl Stone Soup version 0.20-a0-556-g892c87b (webtiles) character file.

1745 GlassEater the Slicer (level 9, -1/55 HPs)
             Began as a Kobold Berserker on Feb 7, 2017.
             Was an Elder of Trog.
             Killed by divine providence
             ... invoked by an orc priest
              (15 damage)
             ... on level 7 of the Dungeon.
             The game lasted 00:14:52 (6788 turns).

GlassEater the Slicer (Kobold Berserker)            Turns: 6788, Time: 00:14:54

Health: -1/55      AC:  4    Str: 15    XL:     9   Next: 26%
Magic:  9/9        EV: 17    Int:  8    God:    Trog [****..]
Gold:   513        SH:  6    Dex: 17    Spells: 8/8 levels left

rFire    + . .     SeeInvis .   a - +0 short sword
rCold    x . .     Gourm    .   B - +0 leather armour (curse)
rNeg     . . .     Faith    .   D - +0 buckler
rPois    .         Spirit   .   (no helmet)
rElec    .         Reflect  .   (no cloak)
rCorr    .         Harm     .   C - +0 pair of gloves
MR       .....                  (no boots)
Stlth    ++........             x - amulet of regeneration
Regen    0.6/turn               y - ring of flight
                                s - ring of fire

@: exhausted, slowed, very slow
A: carnivore 3
a: Berserk, Trog's Hand, Brothers in Arms, Burn Spellbooks, Renounce Religion,
Evoke Flight


You were on level 7 of the Dungeon.
You worshipped Trog.
Trog was greatly pleased with you.
You were very full.

You visited 1 branch of the dungeon, and saw 7 of its levels.

You collected 513 gold pieces.

Inventory:

Hand Weapons
 a - a +0 short sword (weapon)
Missiles
 b - 210 stones (quivered)
 g - 76 poisoned needles
 o - 5 tomahawks
Armour
 B - a cursed +0 leather armour (worn)
 C - a +0 pair of gloves (worn)
 D - a +0 buckler (worn)
 E - a +0 ring mail
Jewellery
 s - a ring of fire (left hand)
 v - an uncursed amulet of magic regeneration {unknown}
 x - an amulet of regeneration (around neck)
 y - a ring of flight (right hand)
Wands
 h - a wand of iceblast (10/15)
 l - a wand of polymorph (4/24)
 t - a wand of acid (6/15)
Scrolls
 e - 2 scrolls of remove curse
 i - 8 scrolls of enchant weapon
 q - 2 scrolls of enchant armour {unknown}
 A - a scroll of amnesia {unknown}
Potions
 d - 2 potions of haste {unknown}
 j - a potion of ambrosia {unknown}
 k - 2 potions of curing
 m - a potion of cancellation {unknown}
 n - a potion of agility {unknown}
 p - a potion of might {unknown}
 r - a potion of lignification {unknown}
 u - 3 potions of heal wounds
 w - a potion of degeneration {unknown}
 F - a potion of cure mutation {unknown}
Comestibles
 c - 7 meat rations
 f - a royal jelly
 z - 6 chunks of flesh


   Skills:
 - Level 6.1 Fighting
 - Level 9.1 Short Blades
 - Level 3.6 Armour
 - Level 5.0 Dodging
 - Level 3.2 Stealth
 + Level 4.3 Shields


You had 8 spell levels left.
You didn't know any spells.

Dungeon Overview and Level Annotations

Branches:
Dungeon (7/15)             Temple (0/1) D:6

Altars:
Gozag
Zin


Innate Abilities, Weirdness & Mutations

You are small and have problems with some larger weapons.
You are carnivorous and can eat meat at any time.


Message History

You hit the orc but do no damage.
The orc is heavily wounded.
You hit the orc but do no damage.
The orc is heavily wounded.
You block the orc's attack. The orc hits you but does no damage.
You hit the orc but do no damage.
The orc is heavily wounded.
Your skin stops crawling.
You feel less resistant to hostile enchantments.
The orc closely misses you.
You hit the orc.
You kill the orc!
Trog accepts your kill.
You hit the orc priest but do no damage.
The orc priest invokes the aid of Beogh against you.
Beogh smites you!
* * * LOW HITPOINT WARNING * * *
The orc priest mumbles some strange prayers to Beogh against you.
Beogh smites you!
You die...

#.# #.# #.#
#.#
########.##.#
........o...#
######o###.#
#o# ##########
#@# #.........
#.# #.########
#.# #.# #.#
#.# #.# #.#
#.# #.# #.#
#)#
#.#######.##.#
#............#


You could see 2 orc priests and an orc.

Vanquished Creatures
  The ghost of christhawk the Quickloader, a novice MiHu of Okawaru (D:7)
  3 ogres
  A hornet zombie (D:6)
  2 bullfrogs (D:6)
  A gnoll sergeant (D:7)
  A scorpion (D:5)
  A howler monkey (D:6)
  A centaur zombie (D:5)
  A bullfrog zombie (D:5)
  2 hounds
  2 bullfrog skeletons (D:6)
  An iguana (D:7)
  An orc wizard (D:3)
  5 worker ants
  A hound skeleton (D:4)
  7 gnolls
  8 adders
  A shadow imp (D:5)
  3 oozes (D:1)
  An adder skeleton (D:5)
  4 worms
  6 dart slugs
  5 leopard geckos
  21 orcs
  2 ball pythons
  8 bats
  5 giant cockroaches
  12 goblins
  9 hobgoblins
  4 jackals (D:1)
  3 quokkas
  2 frilled lizards
  6 kobolds
  2 leopard gecko skeletons
  A leopard gecko zombie (D:5)
  A quokka skeleton (D:3)
  9 rats
  A fungus (D:1)
145 creatures vanquished.

Notes
Turn   | Place    | Note
-------+----------+-------------------------------------------
     0 | D:1      | GlassEater the Kobold Berserker began the quest for the Orb.
     0 | D:1      | Reached XP level 1. HP: 14/14 MP: 1/1
   329 | D:1      | Reached XP level 2. HP: 17/19 MP: 2/2
   444 | D:1      | Reached XP level 3. HP: 21/24 MP: 3/3
  1169 | D:1      | Reached XP level 4. HP: 22/29 MP: 4/4
  1450 | D:2      | Reached ** piety under Trog
  1716 | D:2      | Reached skill level 5 in Short Blades
  1716 | D:2      | Reached XP level 5. HP: 34/34 MP: 5/5
  2174 | D:3      | Reached skill level 1 in Stealth
  2975 | D:3      | Reached *** piety under Trog
  2975 | D:3      | Reached XP level 6. HP: 39/39 MP: 6/6
  3040 | D:4      | Reached skill level 6 in Short Blades
  3888 | D:4      | Noticed an ogre
  3898 | D:4      | Killed an ogre
  3898 | D:4      | Reached skill level 7 in Short Blades
  3898 | D:4      | Reached XP level 7. HP: 44/44 MP: 7/7
  4300 | D:5      | Entered Level 5 of the Dungeon
  4487 | D:5      | Reached skill level 5 in Fighting
  5870 | D:6      | Reached skill level 8 in Short Blades
  5870 | D:6      | Reached XP level 8. HP: 34/49 MP: 8/8
  5972 | D:6      | Reached **** piety under Trog
  6371 | D:6      | Found a staircase to the Ecumenical Temple.
  6429 | D:6      | Found a glowing silver altar of Zin.
  6429 | D:6      | Found an opulent altar of Gozag.
  6524 | D:7      | Reached skill level 9 in Short Blades
  6538 | D:7      | Reached skill level 5 in Dodging
  6588 | D:7      | Reached skill level 1 in Shields
  6748 | D:7      | Noticed christhawk's ghost (novice MiHu)
  6776 | D:7      | Killed christhawk's ghost
  6776 | D:7      | Reached XP level 9. HP: 38/55 MP: 9/9
  6788 | D:7      | Killed from afar by an orc priest

Vault maps used:
D:1:      erik_arrival_gehennom, minmay_gold_behind_fungi, minmay_tall_x
D:2:      first_bread, nrook_mini_backslash, minmay_tromino_mix6
D:3:      serial_bayou_lake_a
D:5:      bh_walls_and_bars
D:6:      grunt_temple_overflow_gold_and_silver, minmay_temple_entry_hall
D:7:      uniq_crazy_yiuf_cottage

Skill      XL: |  1  2  3  4  5  6  7  8 |
---------------+-------------------------+-----
Fighting       | 4 5 6 |  6.1
Armour         | 2 3 |  3.6
Dodging        | 3 4 5 |  5.0
Short Blades   | 5 7 8 9 |  9.1
Stealth        | 1 2 3 |  3.2
Shields        | 4 |  4.3

Action                   |  1- 3 |  4- 6 |  7- 9 || total
-------------------------+-------+-------+-------++-------
Melee: Short sword       |   143 |   256 |   326 ||   725
Invok: Berserk           |     1 |    11 |    11 ||    23
       Trog's Hand       |       |     1 |     1 ||     2
  Use: Scroll            |       |     8 |     3 ||    11
       Potion            |       |     1 |       ||     1
 Stab: Sleeping          |     2 |     3 |     1 ||     6
  Eat: Chunk             |    10 |    17 |    20 ||    47
Armor: Leather armour    |    14 |    17 |    33 ||    64
       Ring mail         |       |    38 |       ||    38
       Chain mail        |       |     7 |       ||     7
Dodge: Dodged            |    93 |   180 |   177 ||   450
Block: Buckler           |       |       |     2 ||     2
